[Event "Mistrovství Čech mládeže 2023 - HD16"]
[Site "Harrachov, Czech Republic"]
[Date "2023.10.27"]
[Round "8.4"]
[White "Pressler, Tobias"]
[Black "Vyšinský, Otakar"]
[Result "1/2-1/2"]
[TimeControl "90m + 30s"]
[WhiteElo "1965"]
[BlackElo "1599"]

1. d4 d5 2. c4 dxc4 3. e3 e5 4. Bxc4 exd4 5. exd4 Nf6 6. Nf3 Bb4+ 7. Nc3 O-O 8. O-O Bg4 9. Be3 c6 10.
h3 Bh5 11. g4 Bg6 12. Ne5 Bxc3 13. bxc3 Be4 14. Qb3 Qe7 15. Bg5 b5 16. Bd3 Bxd3 17. Nxd3 Nbd7 18. Rfe1 Qd6 19. Bf4 Qd5 20.
Re7 Nb6 21. Re5 Qf3 22. Re3 Qd5 23. Re5 Qf3 24. Re3 Qd5 25. Re5 1/2-1/2

[Event "Mistrovství Čech mládeže 2023 - HD16"]
[Site "Harrachov, Czech Republic"]
[Date "2023.10.27"]
[Round "8.5"]
[White "Veverka, Vladimír"]
[Black "Tegda, Vojtěch"]
[Result "0-1"]
[TimeControl "90m + 30s"]
[WhiteElo "1849"]
[BlackElo "1731"]

1. e4 e5 2. Nf3 Nc6 3. Bb5 a6 4. Ba4 Nf6 5. O-O b5 6. Bb3 Bc5 7. Re1 d6 8. h3 h6 9. c3 O-O 10.
d4 Ba7 11. a4 Bb7 12. axb5 axb5 13. Qd3 Ne7 14. Kf1 Ng6 15. dxe5 Nxe5 16. Nxe5 dxe5 17. Qxb5 Bxe4 18. Rxe4 Nxe4 19.
Qd5 Qf6 20. f3 Qh4 21. Ke2 Ng3+ 22. Kd1 Rfd8 0-1

[Event "Mistrovství Čech mládeže 2023 - HD16"]
[Site "Harrachov, Czech Republic"]
[Date "2023.10.27"]
[Round "8.6"]
[White "Večeř, Martin"]
[Black "Novotný, Dominik"]
[Result "1-0"]
[TimeControl "90m + 30s"]
[WhiteElo "1569"]
[BlackElo "1929"]

1. d4 Nf6 2. Bg5 e6 3. Nd2 d5 4. e3 c5 5. c3 Nc6 6. f4 b6 7. Bd3 Be7 8. Ngf3 O-O 9. O-O Bb7 10.
Ne5 h6 11. Bxf6 Bxf6 12. Qe2 c4 13. Bc2 b5 14. Rf3 g6 15. Rh3 Nxe5 16. fxe5 Bg7 17. Qg4 Qe7 18. Rf1 a5 19. Nf3 b4 20.
Bxg6 fxg6 21. Qxg6 Qf7 22. Rxh6 Qxg6 23. Rxg6 Bc8 24. Ng5 Ra6 25. h4 Bd7 26. h5 Rxf1+ 27. Kxf1 Be8 28. Rxe6 Rxe6 29.
Nxe6 Bxh5 30. Nc7 Bf7 31. e6 Bg6 32. e7 Bh6 33. Kf2 bxc3 34. bxc3 Bf7 35. e8=Q+ Bxe8 36. Nxe8 Bg5 37. Nc7 Kf7 38.
Nxd5 Bd8 39. e4 Bg5 40. Ne3 1-0

[Event "Mistrovství Čech mládeže 2023 - HD16"]
[Site "Harrachov, Czech Republic"]
[Date "2023.10.27"]
[Round "8.7"]
[White "Vlček, Vojtěch"]
[Black "Síleš, Jan"]
[Result "1/2-1/2"]
[TimeControl "90m + 30s"]
[WhiteElo "1661"]
[BlackElo "1839"]

1. d4 Nf6 2. c4 e6 3. Nf3 c5 4. d5 b5 5. Nc3 b4 6. Nb1 d6 7. Qb3 Be7 8. Nbd2 exd5 9. cxd5 a5 10.
e4 O-O 11. Bd3 Ba6 12. O-O Qc8 13. Re1 Nbd7 14. Bxa6 Qxa6 15. Nc4 a4 16. Qc2 Rfe8 17. Bg5 Nb6 18. Nxb6 Qxb6 19. Qc4 h6 20.
Bh4 Nd7 21. Bxe7 Rxe7 22. a3 b3 23. Re3 Qa6 24. Nd2 Nb6 25. Qxa6 Rxa6 26. Rc1 f5 27. Nc4 Nxc4 28. Rxc4 Rxe4 29.
Rexe4 fxe4 30. Kf1 Kf7 31. Rxe4 Ra7 32. Re6 c4 33. Re3 Rc7 34. Rc3 Kf6 35. Ke2 Ke5 36. Kd2 Kxd5 37. Re3 Kd4 38.
Rf3 d5 39. h4 Re7 40. Rf4+ Kc5 41. Rf8 Rc7 42. Ra8 d4 43. Rxa4 Kb5 44. Rb4+ Ka5 45. Rb8 c3+ 46. bxc3 dxc3+ 47. Kc1 Ka4 48. Ra8+ Kb5 49. Rb8+ Kc4 50. Rb4+ Kd3 51. Rxb3 Rf7 52. f3 Rf4 53. Rb8 Rxh4 54. Rd8+ Kc4 55.
Kc2 Rh2 56. Rc8+ Kd4 57. Rd8+ 1/2-1/2

[Event "Mistrovství Čech mládeže 2023 - HD16"]
[Site "Harrachov, Czech Republic"]
[Date "2023.10.27"]
[Round "8.8"]
[White "Dudková, Josefína"]
[Black "Svoboda, Daniel"]
[Result "1/2-1/2"]
[TimeControl "90m + 30s"]
[WhiteElo "1587"]
[BlackElo "1766"]

1. d4 d5 2. Nf3 Nf6 3. e3 c5 4. b3 cxd4 5. Nxd4 e5 6. Nf3 Nc6 7. Bb2 Bd6 8. Nbd2 Bf5 9. Bb5 Qc7 10.
c4 O-O 11. Bxc6 bxc6 12. Rc1 e4 13.
Nd4 Bg6 14. cxd5 Nxd5 15. Rxc6 Qb8 16. a3 Bxh2 17. Qg4 Be5 18. Rxg6 hxg6 19. Qh3 f5 20. Qh7+ Kf7 21. Nc6 Bxb2 22.
Nxb8 Raxb8 23. Nc4 1/2-1/2

[Event "Mistrovství Čech mládeže 2023 - HD16"]
[Site "Harrachov, Czech Republic"]
[Date "2023.10.27"]
[Round "8.9"]
[White "Garabik, Marek"]
[Black "Kučina, Ondřej"]
[Result "1-0"]
[TimeControl "90m + 30s"]
[WhiteElo "1697"]
[BlackElo "1592"]

1. e4 e6 2. d4 d5 3. Nc3 dxe4 4. Nxe4 Bd7 5. Nf3 Bc6 6. Bd3 Nd7 7. O-O Ngf6 8. Qe2 Be7 9. Re1 Nxe4 10.
Bxe4 Bxe4 11. Qxe4 c6 12. Bf4 O-O 13. Qe2 Nf6 14. c3 c5 15. Rad1 cxd4 16. Nxd4 Qb6 17. Nb3 Rfd8 18. Rxd8+ Rxd8 19.
Rd1 Rxd1+ 20. Qxd1 Qd8 21. Qxd8+ Bxd8 22. Kf1 Kf8 23. Be3 a5 24. a4 Nd7 25. Nc5 Nxc5 26. Bxc5+ Ke8 27. Ke2 Kd7 28.
Kd3 e5 29. Kc4 Kc6 30. b4 axb4 31. cxb4 f5 32. a5 Kd7 33. Kd5 Bc7 34. h3 g6 35. f3 e4 36. fxe4 fxe4 37. Kxe4 Kc6 38.
g4 Kb5 39. Kd4 Bg3 40. Kd5 h5 41. g5 Be1 42. Ke6 Bxb4 43. Bxb4 Kxb4 44. Kf6 Kxa5 45. Kxg6 b5 46. Kxh5 1-0

[Event "Mistrovství Čech mládeže 2023 - HD16"]
[Site "Harrachov, Czech Republic"]
[Date "2023.10.27"]
[Round "8.10"]
[White "Martinkovič, Adam"]
[Black "Sadil, Antonín"]
[Result "1/2-1/2"]
[TimeControl "90m + 30s"]
[WhiteElo "1680"]
[BlackElo "1792"]

1. e4 c5 2. c4 Nc6 3. Nf3 g6 4. Nc3 Bg7 5. d3 d6 6. Be2 Nf6 7. O-O Bd7 8. Be3 O-O 9. h3 Ne8 10.
Qd2 Nd4 11. Bh6 Nxf3+ 12. Bxf3 Rb8 13. Bxg7 Nxg7 14. a4 b6 15. Be2 a6 16. d4 Ne6 17. d5 Nd4 18. Rab1 b5 19. axb5 axb5 20. b4 Nxe2+ 21. Qxe2 bxc4 22. bxc5 Qa5 23.
Qxc4 Qxc5 24. Qxc5 dxc5 25. Rxb8 Rxb8 26. f4 Rb3 27. Rc1 f6 28. Kf2 Kf7 29. g4 Rb4 30. Kf3 h5 31. f5 hxg4+ 32. hxg4 g5 33. Nd1 c4 34.
Ke3 Ba4 35. Nc3 Bb3 36. Kd4 Rb8 37. Rh1 Kg7 38. Rh2 Ra8 39. Rh1 Ra5 40. Re1 Kf8 41. e5 fxe5+ 42. Kxe5 Ra6 43. Kd4 Rh6 44.
Ne4 Rh4 45. Rg1 Bc2 46. Nxg5 Bxf5 47. Ne6+ Kg8 48. Kxc4 Rxg4+ 49. Rxg4+ Bxg4 50. Ng5 Kg7 51. Kc5 Kg6 52. Ne6 Bxe6 53.
d6 exd6+ 1/2-1/2

[Event "Mistrovství Čech mládeže 2023 - HD16"]
[Site "Harrachov, Czech Republic"]
[Date "2023.10.27"]
[Round "8.11"]
[White "Kaplanová, Dominika"]
[Black "Sochor, Antonín"]
[Result "1-0"]
[TimeControl "90m + 30s"]
[WhiteElo "1782"]
[BlackElo "1702"]

1. d4 Nf6 2. Nf3 g6 3. g3 Bg7 4. Bg2 O-O 5. O-O d6 6. Nc3 Nbd7 7. e4 e5 8. dxe5 dxe5 9. Bg5 h6 10.
Bxf6 Qxf6 11. Nd5 Qd6 12. Nd2 Nb6 13. Ne3 Be6 14. Qe2 Rad8 15. Rfd1 Qc6 16. c4 Na4 17. Nd5 Bxd5 18. cxd5 Qc2 19.
Rab1 Nxb2 20. Rdc1 Qd3 21. Qxd3 Nxd3 22. Rc3 Nxf2 23. Kxf2 f5 24. Kg1 c6 25. Rxb7 cxd5 26. Rcc7 Bf6 27.
exd5 e4 28. Bf1 Be5 29. d6 Rf6 30. Bc4+ Kf8 31. Rg7 Ke8 32. Rbe7+ Kf8 33. Rg8# 1-0

[Event "Mistrovství Čech mládeže 2023 - HD16"]
[Site "Harrachov, Czech Republic"]
[Date "2023.10.27"]
[Round "8.12"]
[White "Mrázek, Adam"]
[Black "Bohatyrov, Mykola"]
[Result "0-1"]
[TimeControl "90m + 30s"]
[WhiteElo "1669"]
[BlackElo "1725"]

1. c4 e5 2. g3 Nf6 3. Bg2 d5 4. cxd5 Nxd5 5. Nc3 Nb6 6. Nf3 Nc6 7. O-O Be7 8. d3 g5 9. a3 g4 10.
Nd2 h5 11. b4 Nd4 12. Bb2 h4 13. Nb3 hxg3 14. hxg3 c6 15. Ne4 f5 16. Nec5 Qd6 17. Nxd4 exd4 18. Qd2 Bf6 19. e3 Bg5 20.
Qc2 Bf6 21. Rfe1 Kf7 22. e4 f4 23. gxf4 Qxf4 24. Qb3+ Kg6 25. e5 Bh4 26. Qc2 g3 27. f3 Be7 28. Qe2 Bf5 29. Bc1 Qh4 30.
Ne4 Qh2+ 31. Kf1 Bh3 32. Nxg3 Qxg3 33. Qe4+ Bf5 34. Qe2 Nd5 35. Qa2 Bxd3+ 36. Re2 Rh2 37. Kg1 Rah8 0-1

[Event "Mistrovství Čech mládeže 2023 - HD16"]
[Site "Harrachov, Czech Republic"]
[Date "2023.10.27"]
[Round "8.13"]
[White "Mikhno, Artem"]
[Black "Langmaier, Michal"]
[Result "1/2-1/2"]
[TimeControl "90m + 30s"]
[WhiteElo "1781"]
[BlackElo "1697"]

1. d4 d5 2. c4 e6 3. Nc3 f5 4. Bf4 Nf6 5. e3 c6 6. Nf3 Bb4 7. Qb3 Qa5 8. Nd2 O-O 9. Be2 Nbd7 10.
O-O Ne4 11. Ndxe4 fxe4 12. cxd5 exd5 13. Nxe4 Kh8 14. Bd6 Bxd6 15. Nxd6 Qc7 16. Nxc8 Raxc8 17. Bg4 Rce8 18. Bxd7 Qxd7 19.
Qd3 Rf6 20. Rae1 Rh6 21. e4 dxe4 22. Rxe4 Rxe4 23. Qxe4 Rd6 24. Re1 h6 25. Rd1 Rd5 26. Re1 Rxd4 27. Qe3 Rd2 28. Qe5 Qd4 29.
Qxd4 Rxd4 30. Kf1 Rd2 31. Re2 Rd1+ 1/2-1/2

[Event "Mistrovství Čech mládeže 2023 - HD16"]
[Site "Harrachov, Czech Republic"]
[Date "2023.10.27"]
[Round "8.14"]
[White "Mauder, Karel"]
[Black "Tesař, Jakub"]
[Result "0-1"]
[TimeControl "90m + 30s"]
[WhiteElo "1423"]
[BlackElo "1893"]

1. d4 Nf6 2. c4 e6 3. g3 d5 4.
Nf3 dxc4 5. Nbd2 b5 6. Bg2 Bb7 7. a4 a6 8. axb5 axb5 9. Rxa8 Bxa8 10. O-O Be7 11. Qc2 O-O 12. b3 cxb3 13.
Nxb3 Be4 14. Qb2 Nbd7 15. Bf4 Nd5 16. Nc5 Nxc5 17. dxc5 Nxf4 18. gxf4 c6 19. Qc1 Qc7 20. Rd1 Rd8 21.
Ne5 Rxd1+ 0-1

[Event "Mistrovství Čech mládeže 2023 - HD16"]
[Site "Harrachov, Czech Republic"]
[Date "2023.10.27"]
[Round "8.15"]
[White "Tichý, Tomáš"]
[Black "Hrubý, Filip"]
[Result "0-1"]
[TimeControl "90m + 30s"]
[WhiteElo "1697"]
[BlackElo "1386"]

1. e4 c6 2. d4 d5 3. Nc3 dxe4 4. Nxe4 Bf5 5. Ng3 Bg6 6. N1e2 e6 7. h4 h6 8. Nf4 Bh7 9. Bd3 Bxd3 10.
Qxd3 Nf6 11. Bd2 Nbd7 12. O-O-O Nb6 13. Rhe1 Bd6 14. Nf5 O-O 15. Nxd6 Qxd6 16. g4 Nxg4 17. Rg1 f5 18. Qb3 Nd5 19.
Nh5 Rf7 20. f3 Ngf6 21. Nxg7 Rxg7 22. Rxg7+ Kxg7 23. c4 Ne7 24. c5 Qd7 25. Rg1+ Kh7 26. Qe3 Neg8 27. h5 Nd5 28. Qe5 Ngf6 29.
Rg6 Ng8 30. Rxe6 Qf7 31. Rg6 Re8 32. Qd6 f4 33. Rg4 Qe6 34. Bxf4 Nxf4 35. Qxf4 Qe3+ 36. Kc2 Qxf4 37. Rxf4 Kg7 38.
Rg4+ Kf7 39. Rg6 Re6 40. Rg2 Nf6 41. a3 Nxh5 0-1

[Event "Mistrovství Čech mládeže 2023 - HD16"]
[Site "Harrachov, Czech Republic"]
[Date "2023.10.27"]
[Round "8.16"]
[White "Dobsa, Emma"]
[Black "Kohm, Patrik"]
[Result "1-0"]
[TimeControl "90m + 30s"]
[WhiteElo "1616"]
[BlackElo "1475"]

1. e4 d6 2. d4 g6 3. f4 Bg7 4. Nf3 Nf6 5. Nc3 O-O 6. e5 dxe5 7. fxe5 Nd5 8. Bc4 Nxc3 9. bxc3 c5 10.
O-O Nc6 11. Be3 a6 12. a4 Rb8 13. Qe2 Bg4 14. Rfd1 Qd7 15. h3 Bxf3 16. Qxf3 e6 17. Qe4 Ne7 18. Bf2 Rfc8 19. d5 exd5 20.
Bxd5 Nxd5 21. Rxd5 Qe7 22. c4 Rc7 23. Rad1 Re8 24. Bh4 Qe6 25. Rd8 Rc8 26. Rxc8 Qxc8 27. Bg3 Qc7 28. Re1 Qa5 29.
Qxb7 Qxa4 30. Qb3 Qc6 31. Qf3 Qe6 32. Qd5 f6 33. exf6 Qxd5 34. Rxe8+ Kf7 35. cxd5 1-0

[Event "Mistrovství Čech mládeže 2023 - HD16"]
[Site "Harrachov, Czech Republic"]
[Date "2023.10.27"]
[Round "8.17"]
[White "Meca, Viktor"]
[Black "Maršík, Ondřej"]
[Result "1-0"]
[TimeControl "90m + 30s"]
[WhiteElo "1559"]
[BlackElo "1459"]

1. e4 d6 2. d4 Nf6 3. Nc3 g6 4.
Be3 Bg7 5. Qd2 O-O 6. Bh6 c5 7. Bxg7 Kxg7 8. d5 a6 9. f4 b5 10. e5 Nfd7 11. Nf3 Nb6 12. O-O-O Bb7 13. exd6 exd6 14.
f5 b4 15. Ne4 Nxd5 16. Bc4 Nf6 17. Nxd6 Bxf3 18. gxf3 Nc6 19. fxg6 fxg6 20. Qg5 Qd7 21. Qxc5 Nh5 22. Bd5 Qe7 23.
Bxc6 Rac8 24. Nf5+ 1-0

[Event "Mistrovství Čech mládeže 2023 - HD16"]
[Site "Harrachov, Czech Republic"]
[Date "2023.10.27"]
[Round "8.18"]
[White "Lána, Vincent"]
[Black "Dudarec, Elias"]
[Result "1-0"]
[TimeControl "90m + 30s"]
[WhiteElo "1342"]
[BlackElo "1535"]

1. e4 e5 2. Nf3 Nc6 3. Bc4 Nf6 4. d4 exd4 5. e5 d5 6. Bb5 Ne4 7. O-O Bc5 8. Nxd4 Bxd4 9. Bxc6+ bxc6 10.
Qxd4 O-O 11. Nc3 Ng5 12. Bf4 Ne6 13. Qd2 Rb8 14. b3 Ba6 15. Rfd1 Qe7 16. Bg3 Rb4 17. Ne2 f6 18. exf6 Rxf6 19.
Re1 Qf8 20. c3 Rg4 21. f3 Rgg6 22. Nd4 Ng5 23. Re3 h5 24. Rae1 Kh7 25. Re8 Qc5 26. Kh1 Rf8 27. R8e5 Nf7 28.
Rxh5+ Nh6 29. Bf4 Rxf4 30. Qxf4 Qxc3 31. Qe3 Qb2 32. g3 Bc8 33. Re2 Qb1+ 34. Kg2 c5 35. Nc2 Ba6 36. Rf2 d4 37.
Qe4 d3 38. Rg5 Qb2 39. Qxg6+ Kh8 40. Qxa6 dxc2 41. Qc8+ Kh7 42. Rxc5 c1=Q 43. Rxb2 Qxb2+ 44. Kh3 Qb1 45. Rxc7 Qf1+ 46.
Kh4 Qxf3 47. Rc4 g5+ 48. Kxg5 Nf7+ 49. Kh4 Qf6+ 50. Kh3 Qf1+ 51. Kh4 Qf6+ 52. Kh3 Qf1+ 53. Kg4 Ne5+ 54. Kg5 Nf7+ 55.
Kh5 Qe2+ 56. Kh4 Qe7+ 57. Kh3 Ng5+ 58. Kg4 Nf7 59. Qf5+ Kg7 60. Kh3 Ng5+ 61. Kg4 Nf7 62. Kh3 Ng5+ 63.
Kg4 Nf7 64. Kf3 Qb7+ 65. Kf4 Qb8+ 66. Kf3 Qb7+ 67. Ke3 Qb6+ 68. Kd2 Qh6+ 69. Kd3 Qd6+ 70. Kc3 Qd1 71. Qg4+ 1-0

[Event "Mistrovství Čech mládeže 2023 - HD16"]
[Site "Harrachov, Czech Republic"]
[Date "2023.10.27"]
[Round "8.20"]
[White "Janoušková, Adéla"]
[Black "Bludský, Vít"]
[Result "0-1"]
[TimeControl "90m + 30s"]
[WhiteElo "1638"]
[BlackElo "1525"]

1. e4 c5 2. Nf3 Nc6 3. d4 cxd4 4. Nxd4 g6 5. Nc3 Bg7 6. Nde2 Nf6 7. g3 O-O 8. Bg2 d6 9. O-O Bd7 10.
h3 Rc8 11. a4 Ne5 12. Ra2 Be6 13. b3 Nc6 14. Bb2 Qa5 15. Ra1 Rfd8 16. Nd5 Nxd5 17. Bxg7 Ne3 18. fxe3 Kxg7 19. Nd4 Bd7 20.
Qf3 Rf8 21. c4 Qb6 22. Rad1 Ne5 23. Qf2 Qb4 24. g4 a6 25. g5 f6 26. Qh4 fxg5 27. Qxg5 Rf6 28. Rf4 h6 29. Qg3 Qc3 30.
Rxf6 exf6 31. Nf5+ Bxf5 32. exf5 Qxb3 33. Rxd6 Qb1+ 34. Kh2 Qxf5 35. Rb6 Rc7 36. Rxb7 Rxb7 37. Bxb7 Qc2+ 38. Qg2 Qxc4 39.
Qe4 Qxe4 40. Bxe4 a5 41. Kg3 f5 42. Bc2 Kf6 43. Kf4 Nc4 44. Kf3 Ke5 45. Ke2 g5 46. Kf3 g4+ 47. hxg4 fxg4+ 48. Kf2 h5 49. Bb3 Nd2 50. Bf7 Ne4+ 51. Kg2 h4 52. Bh5 Kf5 53. Be8 h3+ 54. Kg1 Nf6 55. Bc6 g3 56. Bb7 Ng4 57.
Bc8+ Kg5 58. e4 Kh4 59. Bxg4 Kxg4 60. e5 Kf5 0-1

[Event "Mistrovství Čech mládeže 2023 - HD16"]
[Site "Harrachov, Czech Republic"]
[Date "2023.10.28"]
[Round "9.1"]
[White "Tegda, Vojtěch"]
[Black "Andrle, Filip"]
[Result "1/2-1/2"]
[TimeControl "90m + 30s"]
[WhiteElo "1731"]
[BlackElo "1830"]

1. e4 d5 2. exd5 Qxd5 3. Nc3 Qe5+ 4. Qe2 Qxe2+ 5. Bxe2 e6 6. d4 Nf6 7. Nb5 Na6 8. a3 c6 9. Nc3 Nc7 10.
Nf3 Be7 11. Bd2 O-O 12. O-O-O Ncd5 13. Bd3 Nxc3 14. Bxc3 b6 15. Ne5 Bb7 16. f3 Rfd8 17. Be1 c5 18. dxc5 Bxc5 19. Bh4 Bd4 20.
Ng4 Nxg4 21. Bxd8 Nf2 22. Bxh7+ Kxh7 23. Rxd4 Nxh1 24. Bh4 Kh6 25. Rd1 g5 26. Be1 g4 27. Bd2+ Kh7 28. Rxh1 gxf3 29.
gxf3 Bxf3 30. Rf1 Bh5 1/2-1/2

[Event "Mistrovství Čech mládeže 2023 - HD16"]
[Site "Harrachov, Czech Republic"]
[Date "2023.10.28"]
[Round "9.2"]
[White "Davídek, Zdeněk"]
[Black "Stein, Michael"]
[Result "1-0"]
[TimeControl "90m + 30s"]
[WhiteElo "2110"]
[BlackElo "1717"]

1. d4 d5 2. Nf3 c5 3. c3 Nf6 4. Bf4 e6 5. e3 Nc6 6. Nbd2 Bd6 7. Bg3 O-O 8. Bd3 c4 9. Bc2 Qc7 10.
Qe2 e5 11. dxe5 Nxe5 12. Nxe5 Bxe5 13. Nf3 Bd6 14. Nd4 Bd7 15. Bh4 Be5 16. Bxf6 Bxf6 17. O-O Bxd4 18. exd4 Qd6 19. Qe5 Qe6 20.
Rae1 h6 21. Re3 Rfe8 22. Rfe1 Qc6 23. Qh5 Rxe3 24. Rxe3 Re8 25. Rxe8+ Bxe8 26. Qe5 Qe6 27. Bf5 Qxe5 28. dxe5 Kf8 29. e6 Ke7 30. exf7 Bxf7 31.
Kf1 Kd6 32. Ke2 Ke5 33. Bc8 b6 34. Ke3 Bh5 35. f4+ Kd6 36. Kd4 Bg6 37. g3 Be4 38. Ba6 Bg2 39. Bb7 Bf3 40. h4 h5 41.
Bc8 Bd1 42. Bf5 Be2 43. Bg6 Bd1 44. Bf7 Bf3 45. Be8 Bg4 46. Bb5 Bd1 47. Ba6 Bg4 48. Bb7 Bf3 49. b3 cxb3 50. axb3 b5 51. b4 Bg2 52. Bc8 Bf3 53.
Bh3 Be2 54. Bg2 Bc4 55. Bf3 g6 56. f5 gxf5 57. Bxh5 Ke6 58. Bf3 Bb3 59. Be2 a6 60. Bf3 Ba2 61. h5 f4 62. gxf4 Kf5 63. Bxd5 Bb1 64. Bf7 Kf6 65.
Bg6 Ba2 66. Kc5 Be6 67. Kb6 Bc8 68. Kc7 1-0

[Event "Mistrovství Čech mládeže 2023 - HD16"]
[Site "Harrachov, Czech Republic"]
[Date "2023.10.28"]
[Round "9.3"]
[White "Hozda, Max"]
[Black "Garabik, Marek"]
[Result "1/2-1/2"]
[TimeControl "90m + 30s"]
[WhiteElo "2105"]
[BlackElo "1697"]

1. d4 e6 2. c4 Nf6 3. Nc3 d5 4. cxd5 Nxd5 5. e4 Nxc3 6. bxc3 c5 7. Nf3 cxd4 8. cxd4 Bb4+ 9. Bd2 Bxd2+ 10. Qxd2 O-O 11. Bc4 Nd7 12. O-O b6 13. Rad1 Bb7 14. Rfe1 Rc8 15. Bb3 Re8 16. Qd3 h6 17. e5 Nf8 18.
Nd2 Ng6 19. Ne4 Bxe4 20. Qxe4 Qd7 21. f4 Ne7 22. d5 exd5 23. Bxd5 Nxd5 24. Rxd5 Qc6 25. Red1 Qc4 26. Qxc4 Rxc4 27.
g3 Re7 28. Kf2 1/2-1/2

[Event "Mistrovství Čech mládeže 2023 - HD16"]
[Site "Harrachov, Czech Republic"]
[Date "2023.10.28"]
[Round "9.4"]
[White "Dvořák, Jan"]
[Black "Pressler, Tobias"]
[Result "1/2-1/2"]
[TimeControl "90m + 30s"]
[WhiteElo "1789"]
[BlackElo "1965"]

1. e4 b6 2. d4 Bb7 3. Nc3 e6 4. Bd3 Bb4 5. Nge2 Ne7 6. O-O d5 7. e5 O-O 8. a3 Bxc3 9. bxc3 c5 10.
Ng3 Ba6 1/2-1/2

[Event "Mistrovství Čech mládeže 2023 - HD16"]
[Site "Harrachov, Czech Republic"]
[Date "2023.10.28"]
[Round "9.5"]
[White "Vyšinský, Otakar"]
[Black "Večeř, Martin"]
[Result "1-0"]
[TimeControl "90m + 30s"]
[WhiteElo "1599"]
[BlackElo "1569"]

1. e4 d5 2. exd5 Nf6 3. d4 Bg4 4. Be2 Bxe2 5. Qxe2 Qxd5 6. Nf3 e6 7. O-O Nc6 8. Be3 Bd6 9. c4 Qh5 10.
Nc3 a6 11. d5 Ne5 12. Nxe5 Qxe2 13. Nxe2 Bxe5 14. dxe6 fxe6 15. Nf4 Kf7 16. Nd3 Nd7 17. Nxe5+ Nxe5 18. Bf4 Nxc4 19. Rac1 Nxb2 20.
Rxc7+ Kf6 21. Rxb7 Nd3 22. Bg3 Rhc8 23. h3 Rc2 24. Rd1 Rc1 25. Rxc1 Nxc1 26. a4 Ne2+ 27. Kh2 Nc3 28. a5 Ne4 29.
f3 Nd2 30. Be1 Nc4 31. Bc3+ e5 32. f4 Re8 33. Rc7 Ne3 34. Bxe5+ 1-0

[Event "Mistrovství Čech mládeže 2023 - HD16"]
[Site "Harrachov, Czech Republic"]
[Date "2023.10.28"]
[Round "9.6"]
[White "Svoboda, Daniel"]
[Black "Hrbek, Jáchym"]
[Result "0-1"]
[TimeControl "90m + 30s"]
[WhiteElo "1766"]
[BlackElo "1973"]

1. c4 g6 2. Nc3 Bg7 3. d4 c5 4. e3 cxd4 5. exd4 Nf6 6. Nf3 O-O 7. Bd3 d5 8. cxd5 Nxd5 9. O-O Nc6 10.
Bb1 Bg4 11. h3 Bxf3 12. Qxf3 e6 13. Be3 Bxd4 14. Be4 Nxe3 15. fxe3 Bg7 16. Bxc6 bxc6 17. Qxc6 Qd2 18. Qf3 Qxb2 19.
Ne4 Qxa1 20. Rxa1 Bxa1 21. Nf6+ Bxf6 22. Qxf6 Rfd8 23. Kh2 a5 24. Kg3 a4 25. Kg4 Rd2 0-1

[Event "Mistrovství Čech mládeže 2023 - HD16"]
[Site "Harrachov, Czech Republic"]
[Date "2023.10.28"]
[Round "9.7"]
[White "Bohatyrov, Mykola"]
[Black "Veverka, Vladimír"]
[Result "0-1"]
[TimeControl "90m + 30s"]
[WhiteElo "1725"]
[BlackElo "1849"]

1. d4 Nf6 2. c4 e6 3. Nf3 b6 4.
g3 Ba6 5. Qc2 c5 6. d5 exd5 7. cxd5 Bb7 8. Bg2 Nxd5 9. O-O Nc6 10. a3 Nf6 11. e4 d6 12. Nc3 a6 13. Bg5 Be7 14. Rad1 Qc7 15. Nd5 Nxd5 16. exd5 Bxg5 17.
Nxg5 Ne7 18. Rfe1 h6 19. Nh3 O-O-O 20. b4 Kb8 21. Nf4 g5 22. Nh5 Bc8 23. Qb2 Bg4 24. Nf6 Bxd1 25. Rxd1 cxb4 26.
Qxb4 Ng8 27. Ne4 f5 28. Nd2 Ka7 29. Nf3 Ne7 30. Nd4 Qc5 31. Qe1 Rd7 32. Qe6 Rhd8 33. h3 Qxa3 34. Re1 Qc3 35.
Qxe7 Qxd4 36. Qe2 Rc7 37. Bf1 b5 38. Qa2 Qb6 39. Rb1 Rc5 40. Re1 Rdc8 41. Re2 Qc7 42. Re6 Rc2 43. Qa3 Qb6 44.
Be2 b4 0-1

[Event "Mistrovství Čech mládeže 2023 - HD16"]
[Site "Harrachov, Czech Republic"]
[Date "2023.10.28"]
[Round "9.8"]
[White "Síleš, Jan"]
[Black "Dudková, Josefína"]
[Result "1-0"]
[TimeControl "90m + 30s"]
[WhiteElo "1839"]
[BlackElo "1587"]

1. d4 d5 2. c4 c6 3. Nf3 Nf6 4. Nc3 Bf5 5. cxd5 Nxd5 6. Qb3 b6 7. Bg5 g6 8. e3 h6 9. Bc4 Be6 10.
Bh4 g5 11. Bg3 b5 12. Bxd5 Bxd5 13. Nxd5 Qxd5 14. Be5 f6 15. Bxb8 Rxb8 16. Qc2 Kf7 17. O-O e6 18. e4 Qd7 19.
Rac1 Rc8 20. d5 c5 21. dxe6+ Qxe6 22. Nd4 Qe5 23. Nxb5 a6 24. Na3 Bd6 25. g3 Bb8 26. Nc4 Qc7 27.
Rcd1 Qe7 28. Nb6 Rcd8 29. Nd5 Qa7 30. Qc4 Kg7 31. Ne3 Be5 32. Nf5+ Kg6 33. h4 Bxb2 34. h5+ Kh7 35. Rb1 Be5 36. Rb6 Qd7 37. Qxa6 Qe8 38.
Rxf6 Bxf6 39. Qxf6 Rd7 40. Qxh6+ Kg8 41. Qxg5+ Kh7 42. g4 c4 43. Rc1 c3 44. Qe3 Qb8 45. Qh6+ Kg8 46. Qg6+ Kf8 47.
Qf6+ Kg8 48. Qxc3 Qe8 49. Qc8 Rd8 50. Qc4+ Kf8 51. Qc3 1-0

[Event "Mistrovství Čech mládeže 2023 - HD16"]
[Site "Harrachov, Czech Republic"]
[Date "2023.10.28"]
[Round "9.9"]
[White "Kaplanová, Dominika"]
[Black "Vlček, Vojtěch"]
[Result "0-1"]
[TimeControl "90m + 30s"]
[WhiteElo "1782"]
[BlackElo "1661"]

1. e4 c6 2. d4 d5 3. e5 Bf5 4. Nd2 e6 5. Nb3 Nd7 6. Nf3 Ne7 7. Be2 Bg6 8. O-O Qb6 9. a4 a6 10.
Bd2 Nf5 11. a5 Qc7 12. g4 Ne7 13. Nh4 c5 14. dxc5 Nxc5 15. Nxc5 Qxc5 16. c3 Nc6 17. Be3 Qe7 18. Ng2 Qd7 19.
f4 Be4 20. Bb6 Be7 21. Bd3 Bxd3 22. Qxd3 Bd8 23. Rfd1 Bxb6+ 24. axb6 Qe7 25. b4 O-O 26. Ne3 Rfd8 27. b5 axb5 28.
Qxb5 Ra3 29. Qb2 Rda8 30. Rxa3 Qxa3 31. Rb1 Qc5 32. Kf2 Ra4 33. Kf3 Qa5 34. Qb5 Qxb5 35. Rxb5 Ra3 36. Rc5 Rb3 37.
f5 Nxe5+ 38. Kg3 Nc6 39. Nc2 Rxb6 40. Nd4 e5 41. Nb5 Ne7 42. Nc7 Rc6 43. Rxc6 bxc6 44. Kf3 f6 45. Ne6 g6 46. Nd8 Kf8 47.
fxg6 hxg6 48. h4 Kg7 49. Ne6+ Kh7 50. Nd8 f5 51. Nf7 e4+ 52. Kf4 c5 53. h5 fxg4 54. hxg6+ Nxg6+ 55. Kxg4 Kg7 56.
Nd6 Kf6 57. Kg3 Ne5 58. Kf4 Ke6 59. Nb7 Nd3+ 60. Ke3 Ke5 61. Na5 d4+ 62. Kd2 Kd5 63. cxd4 cxd4 64. Nb3 Nb4 65. Na5 e3+ 66.
Ke1 Ke4 67. Nb3 d3 68. Kd1 Kf3 69. Nd4+ Kf2 0-1

[Event "Mistrovství Čech mládeže 2023 - HD16"]
[Site "Harrachov, Czech Republic"]
[Date "2023.10.28"]
[Round "9.10"]
[White "Kučina, Ondřej"]
[Black "Novotný, Dominik"]
[Result "1/2-1/2"]
[TimeControl "90m + 30s"]
[WhiteElo "1592"]
[BlackElo "1929"]

1. d4 Nf6 2. g3 e6 3. Bg2 d5 4.
Nf3 b6 5. O-O Be7 6. c4 c6 7. cxd5 cxd5 8. Nc3 O-O 9. Re1 Bb7 10. Bf4 Nc6 11. Rc1 Rc8 12. a3 1/2-1/2

[Event "Mistrovství Čech mládeže 2023 - HD16"]
[Site "Harrachov, Czech Republic"]
[Date "2023.10.28"]
[Round "9.11"]
[White "Tesař, Jakub"]
[Black "Dobsa, Emma"]
[Result "1/2-1/2"]
[TimeControl "90m + 30s"]
[WhiteElo "1893"]
[BlackElo "1616"]

1. d4 d5 2. c4 c6 3. Nf3 Nf6 4. Nc3 dxc4 5. a4 Bf5 6. Ne5 Nbd7 7. Nxc4 Nb6 8. Ne5 a5 9. g3 e6 10.
Bg2 Nbd5 11. Nxd5 exd5 12. Qb3 Bb4+ 13. Bd2 Bxd2+ 14. Kxd2 O-O 15. Rhc1 Rb8 16. Ke1 Re8 17. Kf1 Qe7 18.
Bf3 Ne4 19. Bxe4 Bxe4 20. Re1 Qe6 21. f3 Qh3+ 22. Kg1 Bf5 23. e4 Be6 24. Qb6 Ra8 25. Rac1 f6 26. Nd3 Qh5 27. Re3 Qf7 28.
Nc5 dxe4 29. fxe4 Re7 30. Rd1 Bg4 31. Rd2 Qc4 32. Qb3 Qxb3 33. Rxb3 Rb8 34. Na6 Rd8 35. Nc5 Rb8 36. Kf2 Bh5 37.
Rb6 Bf7 38. d5 cxd5 39. exd5 Re5 40. Rxb7 Rf5+ 41. Ke1 Re8+ 42. Re2 Rxd5 43. Rxe8+ Bxe8 44. Nb3 Bxa4 45. Nd2 Re5+ 46. Kf1 Bb5+ 47.
Kg1 Re1+ 48. Kf2 Re2+ 49. Kg1 Rg2+ 50. Kxg2 Bc6+ 51. Kf2 Bxb7 52. Ke3 Kf7 53. Nc4 Ke6 54. Nxa5 Ba6 55. Ke4 f5+ 56.
Kd4 g5 57. Nc4 1/2-1/2